 Dungeon Crawl Stone Soup version 0.27-a0-1137-g3ef0f4ec91 (webtiles) character file.

Game seed: 7566402153645124229

506 StreetLight the Chopper (level 6, 0/56 HPs)
             Began as a Minotaur Berserker on May 6, 2021.
             Was a Believer of Trog.
             Slain by a gnoll
             ... wielding a +0 spear
              (3 damage)
             ... on level 6 of the Dungeon.
             The game lasted 00:11:00 (1869 turns).

StreetLight the Chopper (Minotaur Berserker)        Turns: 1869, Time: 00:11:00

Health: 0/56       AC: 13    Str: 22    XL:     6   Next: 97%
Magic:  5/5        EV: 11    Int:  4    God:    Trog [**....]
Gold:   61         SH:  0    Dex: 11    Spells: 5/5 levels left

rFire    . . .     SeeInvis .   a - +0 hand axe (protect)
rCold    . . .     Faith    .   (no shield)
rNeg     . . .     Spirit   .   g - +0 scale mail
rPois    .         Reflect  .   (helmet restricted)
rElec    .         Harm     .   (no cloak)
rCorr    .         Rampage  .   (no gloves)
Will     .....                  (no boots)
Stlth    ..........             (no amulet)
HPRegen  0.18/turn              i - ring of wizardry
MPRegen  0.09/turn              (no ring)

@: lethally poisoned (0 -> -4), under a protective aura
A: horns 2, retaliatory headbutt
a: Renounce Religion, Berserk, Trog's Hand


You were on level 6 of the Dungeon.
You worshipped Trog.
Trog was pleased with you.
You visited 1 branch of the dungeon, and saw 6 of its levels.

You collected 61 gold pieces.

Inventory:

Hand Weapons
 a - a +0 hand axe of protection (weapon)
 c - a +0 short sword
Missiles
 e - 8 javelins
 f - 28 sling bullets
 h - 5 boomerangs of dispersal
Armour
 b - a +0 animal skin
 d - a +0 robe
 g - a +0 scale mail (worn)
Jewellery
 i - a ring of wizardry (left hand)
Scrolls
 j - 2 scrolls of identify
 k - a scroll of amnesia {unknown}


   Skills:
 + Level 5.4 Fighting
 + Level 7.1 Axes
 + Level 3.6 Armour
 + Level 4.0 Dodging
 + Level 0.4 Stealth


You had 5 spell levels left.
You didn't know any spells.
Your spell library was empty.

Dungeon Overview and Level Annotations

Branches:
Dungeon (6/15)
 Temple: D:4-7

Altars:
Nemelex Xobeh


Innate Abilities, Weirdness & Mutations

You have a pair of horns on your head.
You reflexively headbutt those who attack you in melee.


Message History

You headbutt the kobold brigand, but do no damage.
The kobold brigand is lightly wounded.
The gnoll hits you but does no damage. x2
The kobold brigand throws a poisoned dart.
The poisoned dart hits you!
You are poisoned.
Things that are here:
a +0 club; a kobold corpse You hit the kobold.
The kobold is severely wounded.
You feel very sick. The gnoll closely misses you.
The gnoll hits you but does no damage.
You barely miss the kobold brigand.
The kobold brigand is lightly wounded.
You feel sick. The gnoll hits you but does no damage.
The gnoll hits you from afar with a +0 spear.
* * * LOW HITPOINT WARNING * * *
The gnoll closely misses you.
You hit the kobold brigand.
The kobold brigand is moderately wounded.
You feel sick. The gnoll hits you but does no damage.
The kobold brigand barely misses you. You furiously retaliate!
You headbutt the kobold brigand. The gnoll barely misses you.
The gnoll hits you but does no damage.
You hit the kobold brigand but do no damage.
Your headbutt misses the kobold brigand.
The kobold brigand is heavily wounded.
You barely miss the kobold.
You feel sick. The kobold completely misses you.
The gnoll hits you from afar with a +0 spear.
* * * LOW HITPOINT WARNING * * *
The kobold brigand closely misses you. The gnoll hits you but does no damage.
The gnoll barely misses you.
Unknown command.
You are too injured to fight recklessly!
You feel sick. The gnoll hits you but does no damage.
The gnoll closely misses you. The kobold brigand misses you.
The gnoll hits you from afar with a +0 spear.
* * * LOW HITPOINT WARNING * * *
The gnoll hits you with a +0 spear.
You die...

.................................
......†..$......................[
≈.....≈.≈≈≈≈≈≈.≈≈≈≈≈..≈≈≈≈≈≈≈≈≈≈≈
≈....(≈≈≈≈≈≈≈≈≈≈≈≈≈≈≈≈≈≈≈≈≈≈≈≈≈≈≈
≈≈.....≈≈≈≈≈≈≈≈≈≈≈≈≈≈≈≈≈≈≈≈≈≈≈≈≈≈
≈≈.....≈≈≈≈≈≈≈≈≈≈≈≈≈≈≈≈≈≈≈≈≈≈####
###''#########################...
,#....#.......#..gg..........#..K
,#....#.......'.@gKgK.))$.(..#.gK
##....#########KKgKK...).()..##)#
#..)...#.........g########......#
)).....'..........# #......#
#......#.......(..########.K....#
##....#########..............##'#
,#....#......)'..............#...
,#....#......)#..............#...
*#############################g..


You could see a kobold brigand, 4 gnolls, 2 hobgoblins and 5 kobolds.

Vanquished Creatures
  A water moccasin (D:6)
  A black bear (D:6)
  A necrophage (D:5)
  A scorpion (D:6)
  A hound (D:5)
  2 gnolls (D:6)
  4 adders
  A white imp (D:6)
  2 dart slugs
  7 orcs
  5 endoplasms (D:1)
  2 goblins (D:1)
  2 hobgoblins
  4 jackals (D:1)
  28 kobolds
  A quokka (D:1)
  A ball python (D:1)
  3 bats (D:1)
  2 frilled lizards
  2 rats
71 creatures vanquished.

Vanquished Creatures (others)
  62 plants (D:5)
62 creatures vanquished.

Grand Total: 133 creatures vanquished

Notes
Turn   | Place    | Note
-------+----------+-------------------------------------------
     0 | D:1      | StreetLight the Minotaur Berserker began the quest for the
                  | Orb.
     0 | D:1      | Reached XP level 1. HP: 19/19 MP: 0/0
    87 | D:1      | Reached XP level 2. HP: 24/27 MP: 1/1
    95 | D:1      | Reached skill level 4 in Axes
   428 | D:2      | You fall into a shaft and drop 1 floor!
   486 | D:3      | Reached XP level 3. HP: 32/33 MP: 2/2
   536 | D:3      | Reached ** piety under Trog
   650 | D:5      | Entered Level 5 of the Dungeon
   699 | D:5      | Reached skill level 5 in Axes
   699 | D:5      | Reached XP level 4. HP: 41/41 MP: 3/3
   721 | D:5      | Found a sparkling altar of Nemelex Xobeh.
   742 | D:5      | Noticed a necrophage
   758 | D:5      | Killed a necrophage
   759 | D:5      | Reached XP level 5. HP: 18/47 MP: 4/4
  1000 | D:6      | Noticed a water moccasin
  1015 | D:6      | Killed a water moccasin
  1016 | D:6      | Reached skill level 5 in Fighting
  1016 | D:6      | Reached skill level 6 in Axes
  1016 | D:6      | Reached XP level 6. HP: 10/56 MP: 5/5
  1505 | D:6      | Reached skill level 7 in Axes
  1869 | D:6      | Slain by a gnoll

Illustrated notes

Levels and vault maps discovered:
D:1:      dpeg_arrival_arbitrary_c, layout_basic,
          chequers_serial_rivers_micro_a, st_stairs_6
D:2:      layout_loops_cross, shapermc_ecumenical_altar_flowoftime, basic_altar,
          kennysheep_big_empty_room, minmay_misc_feat_roman, uniq_sigmund
D:3:      layout_basic, serial_shops, nicolae_shop_stone, uniq_ijyb,
          uniq_natasha, uniq_robin
D:4:      minmay_skewed_foursquare, layout_basic, portal_sewer_entry_f,
          minmay_cupped, uniq_edmund, uniq_eustachio
D:5:      wad_woods_stonehenge, layout_basic, fedhas_altar_decomposition,
          lemuel_zombie_altar_yredelemnul, grunt_decor_resistance
D:6:      minmay_goblin_kobold_castle, layout_basic, ebering_ghost_sewer_f,
          grunt_ministairs_10, kennysheep_generic_room_13

Skill      XL: |  1  2  3  4  5  6 |
---------------+-------------------+-----
Fighting       | 4 5 |  5.4
Axes           | 4 5 6 7 |  7.1
Dodging        | 3 4 |  4.0
Armour         | 3 |  3.6
Stealth        | |  0.4

Action                   |  1- 3 |  4- 6 || total
-------------------------+-------+-------++-------
Melee: Hand axe          |    60 |   106 ||   166
       Headbutt          |    16 |    23 ||    39
  Use: Scroll            |     2 |     4 ||     6
Armor: Robe              |    18 |     2 ||    20
       Scale mail        |       |    62 ||    62
Dodge: Dodged            |    42 |    91 ||   133

Table legend: (Time is in decaauts)
 A = Elapsed time spent in this place.
 B = Non-inter-level travel time spent in this place.
 C = Inter-level travel time spent in this place.
 D = Time resting spent in this place.
 E = Time spent auto-exploring this place.
 F = Levels seen in this place.
 G = Mean time per level.
                   A        B        C        D        E       F      G
               +--------+--------+--------+--------+--------+-----+--------+
         Total |   1871 |   1871 |      0 |    876 |     42 |   6 |  311.8 |
       Dungeon |   1871 |   1871 |      0 |    876 |     42 |   6 |  311.8 |
               +--------+--------+--------+--------+--------+-----+--------+

Top non-repeatable levels by time:
     D:6: 866 daAuts
     D:1: 430 daAuts
     D:5: 350 daAuts
     D:3: 143 daAuts
     D:4: 79 daAuts
     D:2: 0 daAuts
